 Dungeon Crawl Stone Soup version 0.14.0-9-g9c5475a (webtiles) character file.

112 MDvedh the Cudgeler (level 4, -1/37 HPs)
             Began as a Minotaur Death Knight on Apr 13, 2014.
             Was a Believer of Yredelemnul.
             Slain by a gnoll
             ... wielding a +0,+0 club
              (8 damage)
             ... on Level 2 of the Dungeon.
             The game lasted 00:02:10 (785 turns).

MDvedh the Cudgeler (Minotaur Death Knight)          Turns: 785, Time: 00:02:10

HP  -1/37        AC  3     Str 18      XL: 4   Next:  2%
MP   3/3         EV 11     Int  8      God: Yredelemnul [**....]
Gold 43          SH  0     Dex 10      Spells:  0 memorised,  3 levels left

rFire  . . .     SeeInvis .     f - +1 mace (pain)
rCold  . . .     Clarity  .     b - +0 leather armour
rNeg   . . .     Conserve .     (no shield)
rPois  .         rCorr    .     (helmet restricted)
rElec  .         rRot     .     (no cloak)
SustAb . .       Spirit   .     (no gloves)
rMut   .         Warding  .     (no boots)
Saprov . . .     Stasis   .     (no amulet)
MR     .....                    (no ring)
                                (no ring)

@: not resistant to hostile enchantments, very unstealthy
A: retaliatory headbutt, horns 2
a: Animate Remains, Recall Undead Slaves, Injury Mirror, Renounce Religion


You were on level 2 of the Dungeon.
You worshipped Yredelemnul.
Yredelemnul was pleased with you.
You were not hungry.

You visited 1 branch of the dungeon, and saw 2 of its levels.

You collected 43 gold pieces.

Inventory:

Hand weapons
 a - a +1,+1 hand axe
 f - a +1,+1 mace of pain (weapon)
Armour
 b - a +0 leather armour (worn)
Comestibles
 c - 2 bread rations
 h - a pear
 q - a meat ration
Scrolls
 d - a scroll of remove curse {unknown}
 i - a scroll of teleportation {unknown}
 j - 2 scrolls of identify {unknown}
 k - a scroll of enchant armour {unknown}
 n - a scroll of magic mapping {unknown}
Jewellery
 o - an uncursed amulet of inaccuracy {unknown}
Potions
 e - a potion of curing {unknown}
 g - a potion of mutation {unknown}
 l - a potion of magic {unknown}
 m - 3 potions of resistance {unknown}
 p - a potion of restore abilities {unknown}


   Skills:
 - Level 2.4 Fighting
 - Level 3.2 Axes
 + Level 4.7 Maces & Flails
 - Level 1.2 Armour
 - Level 1.1 Dodging
 - Level 2.6 Invocations


You had 3 spell levels left.
You didn't know any spells.

Dungeon Overview and Level Annotations

Branches:
Dungeon (2/15)

Altars:


Innate Abilities, Weirdness & Mutations

You reflexively headbutt those who attack you in melee.
You have a pair of horns on your head.


Message History

The bat hits you. The bat closely misses you. The gnoll hits you with a club!
* * * LOW HITPOINT WARNING * * *
You are too injured to fight recklessly!
You are too injured to fight recklessly!
You are too injured to fight recklessly!
You are too injured to fight recklessly!
Saving game... please wait.
Welcome back, MDvedh the Minotaur Death Knight.
Yredelemnul says: Carry the black torch!
Rouse the idle dead!
Press ? for a list of commands and other information.
You hit the gnoll.
The gnoll is moderately wounded.
The bat closely misses you. The gnoll hits you with a club.
* * * LOW HITPOINT WARNING * * *
You barely miss the gnoll.
The gnoll is moderately wounded.
The bat misses you. You furiously retaliate!
You headbutt the bat, but do no damage. The gnoll hits you with a club!
You die...
Your body rises from the dead as a mindless zombie.

. ... #.# ... #.# . #.#
... #.# #.#
#########%##########.#
......gg@.........##.#
....#####.b..........#
#...........<#
...#####............####
.........)..........%...
...#####............###.
#............# #.
#............# #.
#.)..........# ##


You could see 2 gnolls and a bat.

Vanquished Creatures
  Ijyb (D:2)
  A worm (D:2)
  A giant gecko (D:1)
  2 ball pythons (D:1)
  2 giant cockroaches (D:1)
  7 goblins
  2 hobgoblins (D:2)
  4 jackals
  13 bats
  2 giant newts
  3 kobolds
  7 rats (D:1)
45 creatures vanquished.

Notes
Turn   | Place    | Note
--------------------------------------------------------------
     0 | D:1      | MDvedh, the Minotaur Death Knight, began the quest for the Orb.
     0 | D:1      | Reached XP level 1. HP: 18/18 MP: 1/1
    86 | D:1      | Reached skill level 3 in Axes
   115 | D:1      | Reached skill level 1 in Maces & Flails
   132 | D:1      | Reached XP level 2. HP: 15/25 MP: 1/1
   290 | D:1      | Acquired Yredelemnul's second power
   422 | D:1      | Reached XP level 3. HP: 27/30 MP: 3/3
   685 | D:2      | Noticed Ijyb
   698 | D:2      | Killed Ijyb
   698 | D:2      | Reached skill level 4 in Maces & Flails
   776 | D:2      | Reached XP level 4. HP: 34/37 MP: 3/3
   785 | D:2      | Slain by a gnoll

Action                   |  1- 3 |  4- 6 || total
-------------------------+-------+-------++-------
Melee: Hand axe          |     8 |       ||     8
       Mace              |    74 |     9 ||    83
